 Dungeon Crawl Stone Soup version 0.25-a0-992-gca090100c3 (webtiles) character file.

Game seed: 7226430874527526763, levelgen mode: deterministic

295526 Error4North the Peltast (level 20, -11/191 HPs)
             Began as a Hill Orc Fighter on May 7, 2020.
             Was the Champion of Okawaru.
             Killed from afar by a deep elf annihilator (23 damage)
             ... with a poison arrow
             ... on level 3 of the Elven Halls on May 10, 2020.
             The game lasted 03:23:47 (40873 turns).

Error4North the Peltast (Hill Orc Fighter)         Turns: 40873, Time: 03:23:48

Health: -11/191    AC: 43    Str: 48    XL:     20   Next: 88%
Magic:  26/27      EV: 18    Int: 24    God:    Okawaru [******]
Gold:   5244       SH:  0    Dex: 10    Spells: 21/24 levels left

rFire    + . .     SeeInvis +   g - +6 broad axe of Patterns {holy, rN+ Str+4 Dex+3}
rCold    + + +     Gourm    .   c - +2 kite shield
rNeg     + . .     Faith    .   R - +6 plate armour of Lilacs {rF+ Str+3 Int+4}
rPois    .         Spirit   .   t - +2 helmet of Perpetual Drought {Regen+ Int+5 Dex-4}
rElec    +         Reflect  .   O - +1 cloak of Starlight {rElec rC+ EV+4 Stlth--}
rCorr    +         Harm     .   G - +2 pair of gloves {archery}
MR       +....                  I - +0 pair of boots of the Trilobite {rC+++ rCorr Str+10 Stlth-}
Stlth    ..........             F - amulet of the Middle {*Slow +Rage Str+4 Int+4}
HPRegen  0.81/turn              x - ring "Wofeute" {rElec rC- rCorr Slay+2}
MPRegen  0.20/turn              A - ring of the Octopus King {AC+1 EV+1 Str+1 Int+1 Dex+1 SInv}

@: confused, lethally poisoned (-11 -> -15), about to teleport, heroism,
finesse, berserk cooldown, hasted, studying Shields, very quick
A: talons 1, icy blue scales 1, yellow scales 1, low mp 1
}: 2/15 runes: barnacled, gossamer
a: Heroism, Finesse, Renounce Religion, Evoke Berserk Rage


You were on level 3 of the Elven Halls.
You worshipped Okawaru.
Okawaru was exalted by your worship.
You were hungry.

You visited 7 branches of the dungeon, and saw 35 of its levels.
You visited the Abyss 1 time.
You also visited: Gauntlet, Ice Cave and Wizlab.

You collected 6165 gold pieces.
You spent 921 gold pieces at shops.

Inventory:

Hand Weapons
 g - the +6 broad axe of Patterns (weapon) {holy, rN+ Str+4 Dex+3}
   (Okawaru gifted it to you on level 4 of the Spider Nest)

   It has been blessed by the Shining One to cause great damage to the undead
   and demons.
   It affects your strength (+4).
   It affects your dexterity (+3).
   It protects you from negative energy.
 u - the +2 hand axe "Ogrebane" {flame, rElec rC- Str+7 Stlth+}
   (Okawaru gifted it to you on level 4 of the Spider Nest)

   It has been specially enchanted to burn those struck by it, causing extra
   injury to most foes and up to half again as much damage against particularly
   susceptible opponents.
   Big, fiery blades are also staple armaments of hydra-hunters.
   It affects your strength (+7).
   It makes you vulnerable to cold.
   It insulates you from electricity.
   It makes you more stealthy.
 J - the +9 broad axe of the Six Orbs {freeze, rC+ SInv}
   (Okawaru gifted it to you on level 14 of the Dungeon)

   It has been specially enchanted to freeze those struck by it, causing extra
   injury to most foes and up to half again as much damage against particularly
   susceptible opponents.
   It can also slow down cold-blooded creatures.
   It protects you from cold.
   It lets you see invisible.
Missiles
 d - 89 boomerangs (quivered)
Armour
 c - a +2 kite shield (worn)
 t - the +2 helmet of Perpetual Drought (worn) {Regen+ Int+5 Dex-4}
   (You bought it in a shop on level 2 of the Orcish Mines)

   It affects your intelligence (+5).
   It affects your dexterity (-4).
   It increases your rate of regeneration.
 G - a +2 pair of gloves of archery (worn)
 I - the +0 pair of boots of the Trilobite (worn) {rC+++ rCorr Str+10 Stlth-}
   (Okawaru gifted it to you on level 12 of the Dungeon)

   It affects your strength (+10).
   It renders you almost immune to cold.
   It provides partial protection from all sources of acid and corrosion.
   It makes you less stealthy.
 O - the +1 cloak of Starlight (worn) {rElec rC+ EV+4 Stlth--}
   (You found it in a Gauntlet)

   It affects your evasion (+4).
   It protects you from cold.
   It insulates you from electricity.
   It makes you much less stealthy.
 R - the +6 plate armour of Lilacs (worn) {rF+ Str+3 Int+4}
   (You took it off a merfolk on level 4 of the Shoals)

   It affects your strength (+3).
   It affects your intelligence (+4).
   It protects you from fire.
 S - a +2 pair of boots of flying
Jewellery
 x - the ring "Wofeute" (left hand) {rElec rC- rCorr Slay+2}
   (You found it on level 6 of the Dungeon)

   [ring of resist corrosion]

   It affects your accuracy and damage with ranged weapons and melee attacks
   (+2).
   It makes you vulnerable to cold.
   It insulates you from electricity.
   It provides partial protection from all sources of acid and corrosion.
 A - a ring of the Octopus King (right hand) {AC+1 EV+1 Str+1 Int+1 Dex+1 SInv}
   (You found it on level 2 of the Shoals)

   [ring of see invisible]

   It affects your AC (+1).
   It affects your evasion (+1).
   It affects your strength (+1).
   It affects your intelligence (+1).
   It affects your dexterity (+1).
   It lets you see invisible.
 F - the amulet of the Middle (around neck) {*Slow +Rage Str+4 Int+4}
   (You found it on level 12 of the Dungeon)

   [amulet of rage]

   It affects your strength (+4).
   It affects your intelligence (+4).
   It lets you go berserk.
   It may slow you when you take damage.
Wands
 j - a wand of flame (35)
 m - a wand of paralysis (27)
 o - a wand of acid (27)
 B - a wand of polymorph (9)
 C - a wand of clouds (11)
 L - a wand of disintegration (44)
 N - a wand of iceblast (26)
 U - a wand of digging (12)
Scrolls
 a - 8 scrolls of immolation
 b - 8 scrolls of identify
 e - 6 scrolls of amnesia
 k - 16 scrolls of remove curse
 l - 19 scrolls of teleportation
 n - 4 scrolls of enchant weapon
 p - 3 scrolls of magic mapping
 q - 5 scrolls of blinking
 s - 5 scrolls of fear
 v - 2 scrolls of fog
 w - 5 scrolls of enchant armour
 y - a scroll of summoning {unknown}
Potions
 i - 6 potions of heal wounds
 r - 11 potions of curing
 z - 4 potions of ambrosia
 M - 4 potions of haste
 P - 4 potions of might
 Q - a potion of invisibility
 T - 2 potions of stabbing {unknown}
 W - 3 potions of resistance {unknown}
 X - a potion of berserk rage {unknown}
 Y - 3 potions of mutation
 Z - a potion of cancellation {unknown}
Books
 D - a manual of Shields
Miscellaneous
 E - 4 phantom mirrors
 H - a phial of floods
 V - a lightning rod (4/4)
Comestibles
 f - 70 rations
 K - 3 chunks of flesh


   Skills:
 * Level 19.3(24.3) Fighting
 + Level 19.7(24.7) Axes
 + Level 5.7(10.7) Throwing
 * Level 15.9(20.9) Armour
 + Level 2.4(7.4) Dodging
 + Level 2.8(7.8) Stealth
 + Level 19.8(24.8) Shields
 * Level 2.6 Spellcasting
 * Level 3.0 Charms
 * Level 2.9 Translocations
 + Level 10.9 Invocations
 * Level 13.3 Evocations


You had 21 spell levels left.
You knew the following spells:

 Your Spells              Type           Power        Failure   Level  Hunger
a - Apportation           Tloc           ###...       9%          1    None
b - Shroud of Golubria    Chrm/Tloc      ###...       12%         2    ##.....

Your spell library contained the following spells:

 Spells                   Type           Power        Failure   Level  Hunger
 Blink                    Tloc           N/A          12%         2    ##.....
 Gell's Gravitas          Tloc           ###.......   24%         3    ###....
 Lesser Beckoning         Tloc           ###.......   24%         3    ###....
 Teleport Other           Tloc           ###.....     24%         3    ###....
 Animate Skeleton         Necr           N/A          26%         1    None
 Beastly Appendage        Tmut           #.....       26%         1    None
 Freeze                   Ice            #...         26%         1    None
 Magic Dart               Conj           #...         26%         1    None
 Pain                     Necr           #...         26%         1    None
 Sandblast                Erth           #.....       26%         1    None
 Sting                    Tmut/Pois      #...         26%         1    None
 Summon Butterflies       Summ           #.......     26%         1    None
 Summon Small Mammal      Summ           #...         26%         1    None
 Call Imp                 Summ           #.......     38%         2    ##.....
 Passwall                 Tmut/Erth      #.......     38%         2    ##.....
 Poisonous Vapours        Pois/Air       #.....       38%         2    ##.....
 Searing Ray              Conj           #.....       38%         2    ##.....
 Ozocubu's Armour         Chrm/Ice       ##......     38%         3    ###....
 Spectral Weapon          Hex/Chrm       ##......     38%         3    ###....
 Recall                   Summ/Tloc      N/A          41%         3    ###....
 Call Canine Familiar     Summ           #.......     63%         3    ###....
 Dazzling Flash           Conj/Hex       #.....       63%         3    ###....
 Frozen Ramparts          Ice            #.....       63%         3    ###....
 Ignite Poison            Fire/Tmut/Pois #.......     63%         3    ###....
 Mephitic Cloud           Conj/Pois/Air  #.......     63%         3    ###....
 Stone Arrow              Conj/Erth      #.....       63%         3    ###....
 Summon Guardian Golem    Hex/Summ       #.......     63%         3    ###....
 Tukima's Dance           Hex            #.......     63%         3    ###....
 Vampiric Draining        Necr           #.........   63%         3    ###....
 Passage of Golubria      Tloc           N/A          63%         4    ####...
 Iskenderun's Mystic Bla  Conj/Tloc      ##......     82%         4    ####...
 Animate Dead             Necr           N/A          95%         4    ####...
 Fulminant Prism          Conj/Hex       #.........   95%         4    ####...
 Hailstorm                Conj/Ice       #.......     95%         4    ####...
 Olgreb's Toxic Radiance  Pois           #.......     95%         4    ####...
 Petrify                  Tmut/Erth      #.......     95%         4    ####...
 Summon Ice Beast         Ice/Summ       #.......     95%         4    ####...
 Summon Lightning Spire   Summ/Air       #.......     95%         4    ####...
 Excruciating Wounds      Chrm/Necr      ##........   98%         5    ######.
 Iskenderun's Battlesphe  Conj/Chrm      ##......     98%         5    ######.
 Agony                    Necr           #.......     100%        5    ######.
 Alistair's Intoxication  Tmut/Pois      #.......     100%        5    ######.
 Irradiate                Conj/Tmut      #.........   100%        5    ######.
 Lee's Rapid Deconstruct  Erth           #.........   100%        5    ######.
 Dispersal                Tloc           ###.......   100%        6    #######
 Eringya's Noxious Bog    Tmut/Pois      #.........   100%        6    #######
 Invisibility             Hex            #.......     100%        6    #######
 Haunt                    Necr/Summ      #.........   100%        7    #######
 Spellforged Servitor     Conj/Summ      #.........   100%        7    #######
 Borgnjor's Revivificati  Necr           #.........   100%        8    #######
 Controlled Blink         Tloc           N/A          100%        8    #######
 Death's Door             Chrm/Necr      ##........   100%        8    #######
 Disjunction              Tloc           ###.......   100%        8    #######
 Ignition                 Fire           #.........   100%        8    #######
 Infestation              Necr           #.........   100%        8    #######
 Necromutation            Tmut/Necr      #.........   100%        8    #######


Dungeon Overview and Level Annotations

Branches:
Dungeon (15/15)            Temple (1/1) D:5            Lair (6/6) D:9
 Shoals (4/4) Lair:3       Spider (4/4) Lair:4        Slime (0/5) Lair:5
    Orc (2/2) D:11            Elf (3/3) Orc:2        Vaults (0/5) D:14
 Depths (0/5) D:15          IceCv (visited)          WizLab (visited)
Gauntlet (visited)

Altars:
Ashenzari
Cheibriados
Dithmenos
Elyvilon
Fedhas
Gozag
Hepliaklqana
Kikubaaqudgha
Makhleb
Nemelex Xobeh
Okawaru
Qazlal
Ru
Sif Muna
Trog
Uskayaw
Vehumet
Wu Jian
Xom
Yredelemnul
Zin
The Shining One
Beogh

Shops:
D:6 (   Orc:2 ([%}   Elf:1 [   Elf:2 *   Elf:3 *

Portals:
Trove: Elf:2 (give +4 storm dragon scales)

Annotations:
D:14 1 runed translucent door, Jaomiden's ghost, journeyman TrTm


Innate Abilities, Weirdness & Mutations

You have sharp toenails.
You are partially covered in icy blue scales. (AC +2)
You are partially covered in yellow scales. (AC +2)
Your magical capacity is low. (-10% MP)


Message History

* * * LOW HITPOINT WARNING * * *
The deep elf blademaster hits you but does no damage.
The earth elemental hits you!
* * * LOW HITPOINT WARNING * * *
The earth elemental barely misses you. The earth elemental hits you.
* * * LOW HITPOINT WARNING * * *
You open the earth elemental like a pillowcase!!!
You destroy the earth elemental!
You slice the deep elf annihilator!!
You barely miss the deep elf blademaster.
You hit the earth elemental but do no damage.
You slice the earth elemental!!
You completely miss the earth elemental.
You bump into the stone wall.
The deep elf blademaster closely misses you.
The deep elf blademaster hits you but does no damage.
The deep elf annihilator points at you and mumbles some strange words.
The poison arrow hits you!!
You are poisoned.
You die...

#.....1..#
#e24e24# #e4.4#
#eE# #e*# #ee#
#xe# #ee#
#########.@#
##........EEE.#
#.........EE..#
#........######
#........#
#........#
#........#
#.)..)...#
#....)...#


You could see a deep elf blademaster, a balrug (summoned), 2 deep elf master
archers, a deep elf annihilator (empowered), a deep elf death mage (empowered),
a deep elf elementalist (fast, empowered, repels missiles), a shadow demon
(summoned), a ghostly deep elf demonologist (empowered), an orange demon
(summoned), 2 deep elf high priests, 5 earth elementals, a hellwing (summoned),
a rust devil (summoned), an air elemental, a small abomination and a lost soul
(summoned).

Vanquished Creatures
  Arachne (Spider:2)
  Jorgrun (D:12)
  2 Ice Fiends (IceCv)
  A deep elf blademaster (Elf:3)
  3 tentacled starspawn (WizLab)
  The ghost of Meunluxu the Severer, an adept NaFi of Dithmenos (Shoals:2)
  An eldritch tentacle (WizLab)
  Polyphemus (Shoals:2)
  Gastronok (D:12)
  Frances (D:12)
  Kirke (Spider:3)
  Donald (Spider:1)
  8 deep elf sorcerers
  2 frost giants (Shoals:1)
  A draconian shifter (WizLab)
  2 ghost moths (Spider:4)
  2 deep elf elementalists (Elf:3)
  7 emperor scorpions
  The ghost of Error4North the Severer, a journeyman HOFi of Okawaru (Spider:1)
  A caustic shrike zombie (D:15)
  4 entropy weavers
  An ironheart preserver (D:14)
  A stone giant (Shoals:1)
  Nessos (D:15)
  A green draconian (WizLab)
  2 deep elf demonologists
  2 black draconians (WizLab)
  A minotaur (Gauntlet)
  2 spark wasps (Spider:3)
  6 merfolk javelineers
  An eidolon (WizLab)
  4 deep elf death magi
  Snorg (D:12)
  A spectral kraken (Shoals:2)
  A deep elf high priest (Elf:1)
  The ghost of Soopleu the Grappler, a journeyman DrTm of Uskayaw (Lair:2)
  11 merfolk impalers
  Josephine (D:15)
  An ice dragon (Lair:2)
  Fannar (D:12)
  Erolcha (D:9)
  9 hydras
  Harold (D:9)
  Erica (D:8)
  A catoblepas (Shoals:2)
  29 dancing weapons
  3 alligator snapping turtles (Shoals:4)
  3 satyrs
  2 merfolk aquamancers
  6 death yaks
  3 tengu warriors
  A queen ant (Spider:4)
  7 two-headed ogres
  A thrashing horror (WizLab)
  13 deep elf knights
  A shock serpent (shapeshifter) (Elf:2)
  3 orc high priests (Orc:2)
  10 spriggans (Lair:6)
  A storm dragon zombie (D:15)
  A fire crab (Gauntlet)
  13 sea snakes
  A wizard (WizLab)
  An unseen horror (WizLab)
  2 skeletal warriors (D:15)
  4 large abominations
  A kraken simulacrum (Shoals:2)
  A flayed ghost (D:15)
  An obsidian statue (WizLab)
  A lindwurm (Lair:5)
  8 deep elf archers
  A necromancer (D:15)
  5 orc knights
  22 orb spiders
  34 wolf spiders
  11 cyclopes
  11 harpies
  8 ugly things
  4 moths of wrath
  A cyclops (shapeshifter) (Gauntlet)
  5 orc sorcerers
  45 deep elf magi
  13 fauns
  10 manticores
  4 elephants (Lair:6)
  2 worldbinders (WizLab)
  2 ice statues (IceCv)
  6 black mambas
  4 centaur zombies
  Maurice (D:11)
  9 merfolk sirens
  A guardian serpent (shapeshifter) (Gauntlet)
  3 water nymphs (Shoals:4)
  12 spiny frogs
  2 torpor snails
  Maggie (Lair:2)
  A demonspawn skeleton (WizLab)
  5 rime drakes
  3 kobold demonologists (D:14)
  16 demonic crawlers
  15 ice devils
  7 komodo dragons
  A rime drake (shapeshifter) (D:14)
  A hellwing (Abyss:1)
  2 freezing wraiths (D:14)
  4 polar bears
  35 jumping spiders
  6 hornets
  4 tengu conjurers (D:14)
  27 merfolk
  9 wind drakes
  4 trolls
  28 blink frogs
  10 dream sheep
  5 slime creatures
  5 snapping turtles
  The ghost of Bvern the Insei, an amateur OpTm (D:5)
  16 hippogriffs
  3 small abominations
  70 redbacks
  A centaur simulacrum (D:14)
  11 water elementals
  An ettin skeleton (D:15)
  3 air elementals
  28 tarantellas
  5 wyverns
  3 vampires
  A ynoxinul (WizLab)
  5 wraiths (D:15)
  A deep troll skeleton (D:15)
  3 basilisks
  31 yaks
  2 hogs (Spider:3)
  Eustachio (D:5)
  6 fire bats (Gauntlet)
  2 fire elementals
  2 hungry ghosts
  A golden eye (shapeshifter) (D:14)
  3 steam dragons (Shoals:2)
  A death yak simulacrum (Lair:2)
  6 spatial vortices (WizLab)
  6 wargs (Orc:1)
  3 acid dragons
  8 water moccasins
  23 soldier ants (Spider:4)
  5 porcupines
  3 hell hounds (Gauntlet)
  26 orc warriors
  A hornet zombie (D:12)
  An ice beast (D:9)
  3 sky beasts
  A necrophage (D:6)
  2 phantoms
  7 black bears
  An ogre (shapeshifter) (Gauntlet)
  8 ogres
  An eye of draining (D:14)
  A boggart (shapeshifter) (D:15)
  40 wolves
  3 boggarts (Lair:6)
  9 centaurs
  5 big kobolds
  9 crocodiles
  20 bullfrogs
  2 earth elementals (Elf:2)
  A spiny frog simulacrum (Lair:2)
  A water moccasin skeleton (D:10)
  2 scorpions
  A blink frog simulacrum (Lair:2)
  11 killer bees
  4 wights (D:8)
  A raiju skeleton (WizLab)
  A howler monkey (D:14)
  4 electric eels
  A bullfrog zombie (D:12)
  6 crimson imps
  2 jellies
  2 quasits
  5 starcursed masses (WizLab)
  A hippogriff simulacrum (Lair:2)
  25 orc priests
  5 bullfrog skeletons
  4 centaur skeletons
  6 hounds
  Jessica (D:2)
  2 gnoll shamans
  4 iguanas
  4 hell rats (Lair:6)
  38 worker ants
  22 orc wizards
  A bullfrog simulacrum (Lair:2)
  A basilisk simulacrum (Lair:2)
  A porcupine simulacrum (Lair:2)
  2 hound skeletons
  A howler monkey zombie (D:7)
  7 gnolls
  7 adders
  2 crocodile simulacra (Lair:2)
  4 shadow imps
  6 white imps (IceCv)
  7 ufetubi (IceCv)
  An ooze (D:3)
  An adder skeleton (D:7)
  An adder zombie (D:6)
  3 worms
  3 dart slugs
  2 leopard geckos
  82 orcs
  7 bats
  8 giant cockroaches
  3 goblins
  11 hobgoblins
  18 jackals
  4 quokkas
  2 ball pythons (D:2)
  3 frilled lizards
  A jackal skeleton (D:4)
  18 kobolds
  A leopard gecko skeleton (D:7)
  A quokka zombie (D:6)
  4 rats
  A crawling corpse (Elf:3)
  10 plants
  2 starspawn tentacles (WizLab)
1393 creatures vanquished.

Vanquished Creatures (others)
  A wolf spider (Spider:3)
  A merfolk (Shoals:3)
  A jumping spider (Spider:4)
  A human (Spider:3)
  A swamp drake (D:11)
  A boggart (WizLab)
  A crimson imp (WizLab)
  2 orc wizards
  A white imp (IceCv)
  3 ufetubi (IceCv)
  10 fungi
  19 plants
  4 starspawn tentacles (WizLab)
  8 tentacles (Shoals:2)
  2 withered plants (D:15)
56 creatures vanquished.

Grand Total: 1449 creatures vanquished

Notes
Turn   | Place    | Note
-------+----------+-------------------------------------------
     0 | D:1      | Error4North the Hill Orc Fighter began the quest for the
                  | Orb.
     0 | D:1      | Reached XP level 1. HP: 19/19 MP: 1/1
   119 | D:1      | Reached XP level 2. HP: 22/27 MP: 2/2
   595 | D:2      | Reached XP level 3. HP: 33/33 MP: 3/3
   638 | D:2      | Noticed Jessica
   639 | D:2      | Found a hazy altar of Hepliaklqana.
   639 | D:2      | Found a bloodstained altar of Trog.
   639 | D:2      | Found a hide-covered altar of Uskayaw.
   643 | D:2      | Killed Jessica
   643 | D:2      | Reached XP level 4. HP: 40/40 MP: 4/4
  1298 | D:3      | Found a basalt altar of Yredelemnul.
  1374 | D:3      | Reached XP level 5. HP: 41/47 MP: 5/5
  1853 | D:3      | Reached XP level 6. HP: 30/53 MP: 6/6
  2101 | D:3      | Reached skill level 5 in Axes
  2429 | D:4      | Reached skill level 5 in Fighting
  2654 | D:4      | Noticed a phantom
  2714 | D:4      | Killed a phantom
  2714 | D:4      | Reached skill level 5 in Shields
  2732 | D:4      | Reached XP level 7. HP: 46/61 MP: 7/7
  2812 | D:4      | Reached skill level 5 in Armour
  3190 | D:5      | Entered Level 5 of the Dungeon
  3550 | D:5      | Found a runed translucent gate.
  3550 | D:5      | Found a runed translucent gate.
  3551 | D:5      | Found a runed translucent gate.
  3553 | D:5      | Noticed Bvern's ghost (amateur OpTm)
  3741 | D:5      | Noticed Eustachio
  3787 | D:5      | Killed Eustachio
  3831 | D:5      | Found a staircase to the Ecumenical Temple.
  3840 | Temple   | Entered the Ecumenical Temple
  3848 | Temple   | Became a worshipper of Warmaster Okawaru
  4707 | D:6      | Found a glowing golden altar of the Shining One.
  4745 | D:6      | Reached XP level 8. HP: 30/70 MP: 8/8
  4992 | D:6      | Reached skill level 1 in Invocations
  5067 | D:6      | Found Fimoeny's Antique Weapon Shoppe.
  5169 | D:6      | Reached * piety under Okawaru
  5435 | D:6      | Found a white marble altar of Elyvilon.
  5561 | D:6      | Got a glittering glass ring
  5563 | D:6      | Identified the ring "Wofeute" {rElec rC- rCorr Slay+2} (You
                  | found it on level 6 of the Dungeon)
  5871 | D:7      | Found a sparkling altar of Nemelex Xobeh.
  5895 | D:7      | Reached XP level 9. HP: 67/78 MP: 11/11
  6091 | D:7      | Found a shimmering altar of Xom.
  6259 | D:7      | Found a stormy altar of Qazlal.
  6922 | D:8      | Noticed Erica
  6949 | D:8      | Killed Erica
  6949 | D:8      | Reached ** piety under Okawaru
  6949 | D:8      | Reached skill level 1 in Evocations
  7026 | D:8      | Reached skill level 1 in Dodging
  7094 | D:8      | Found a snail-covered altar of Cheibriados.
  7115 | D:8      | Found a glowing silver altar of Zin.
  7305 | D:8      | Found a burning altar of Makhleb.
  7328 | D:8      | Reached *** piety under Okawaru
  7331 | D:8      | Reached skill level 5 in Invocations
  7745 | D:9      | Reached skill level 1 in Throwing
  7745 | D:9      | Reached XP level 10. HP: 86/86 MP: 12/14
  7771 | D:9      | Noticed a two-headed ogre
  7779 | D:9      | Killed a two-headed ogre
  7779 | D:9      | Reached **** piety under Okawaru
  8240 | D:9      | Noticed Harold
  8252 | D:9      | Killed Harold
  8252 | D:9      | Reached skill level 10 in Axes
  8396 | D:9      | Found a staircase to the Lair.
  8426 | D:9      | Noticed Erolcha
  8781 | D:9      | Found a radiant altar of Vehumet.
  9087 | D:9      | Reached XP level 11. HP: 63/95 MP: 15/15
  9344 | D:9      | Cast into level 1 of the Abyss (Erolcha)
  9361 | Abyss:1  | Noticed a large abomination
  9375 | Abyss:1  | Killed a large abomination
  9375 | Abyss:1  | Reached ***** piety under Okawaru
  9375 | Abyss:1  | Received a gift from Okawaru
  9443 | D:9      | Escaped the Abyss
  9461 | D:9      | Killed Erolcha
  9904 | D:10     | Entered Level 10 of the Dungeon
 10900 | D:11     | Noticed a two-headed ogre
 10907 | D:11     | Killed a two-headed ogre
 10907 | D:11     | Reached skill level 10 in Armour
 11064 | D:11     | Noticed a white ugly thing
 11073 | D:11     | Received a gift from Okawaru
 11074 | D:11     | Killed a white ugly thing
 11249 | D:11     | Reached skill level 5 in Evocations
 11255 | D:11     | Found a staircase to the Orcish Mines.
 11582 | D:11     | Noticed a two-headed ogre
 11582 | D:11     | Noticed Maurice
 11596 | D:11     | Killed a two-headed ogre
 11596 | D:11     | Reached XP level 12. HP: 95/106 MP: 15/18
 11644 | D:11     | Killed Maurice
 11926 | D:12     | Noticed Snorg
 11940 | D:12     | Killed Snorg
 11940 | D:12     | Reached skill level 1 in Stealth
 11940 | D:12     | Reached skill level 10 in Shields
 12067 | D:12     | Noticed a five-headed hydra
 12115 | D:12     | Reached skill level 10 in Fighting
 12132 | D:12     | Noticed a seven-headed hydra
 12154 | D:12     | Killed a 19-headed hydra
 12362 | D:12     | Noticed Jorgrun
 12374 | D:12     | Killed Jorgrun
 12605 | D:12     | Killed an eight-headed hydra
 12849 | D:12     | Noticed Gastronok
 12867 | D:12     | Killed Gastronok
 12867 | D:12     | Reached ****** piety under Okawaru
 12989 | D:12     | Got a vibrating copper amulet
 12998 | D:12     | Noticed a two-headed ogre
 13006 | D:12     | Killed a two-headed ogre
 13038 | D:12     | Noticed Frances
 13052 | D:12     | Killed Frances
 13052 | D:12     | Reached XP level 13. HP: 102/115 MP: 17/19
 13106 | D:12     | Noticed Fannar
 13150 | D:12     | Killed Fannar
 13150 | D:12     | Received a gift from Okawaru
 13156 | D:12     | Got a pair of brightly glowing boots {god gift}
 13167 | D:12     | Identified the +0 pair of boots of the Trilobite {rC+++
                  | rCorr Str+10 Stlth-} (Okawaru gifted it to you on level 12
                  | of the Dungeon)
 13167 | D:12     | Identified the amulet of the Middle {*Slow +Rage Str+4
                  | Int+4} (You found it on level 12 of the Dungeon)
 13632 | D:12     | Identified The Lost Grimoire of the Archmage
 13939 | D:13     | Found a gate leading to a gauntlet.
 13946 | Gauntlet | Entered a Gauntlet
 13946 | Gauntlet | Found a transporter.
 13946 | Gauntlet | Found a transporter.
 13946 | Gauntlet | Found a transporter.
 13956 | Gauntlet | Found a transporter.
 13959 | Gauntlet | Found a transporter.
 13970 | Gauntlet | Found a transporter.
 13970 | Gauntlet | Found a transporter.
 13978 | Gauntlet | Found a transporter.
 13997 | Gauntlet | Found a transporter.
 13999 | Gauntlet | Noticed a dire elephant
 14014 | Gauntlet | Found a transporter.
 14017 | Gauntlet | Found a transporter.
 14027 | Gauntlet | Found a transporter.
 14364 | Gauntlet | Identified the ring "Fizeaqup" {*Tele *Contam rN++}
 14364 | Gauntlet | Noticed a minotaur
 14387 | Gauntlet | Killed a minotaur
 14454 | Gauntlet | Identified the Collected Works on the Escort and Shape
                  | Shifting
 14455 | Gauntlet | Found the +1 cloak of Starlight {rElec rC+ EV+4 Stlth--}
 14459 | Gauntlet | Got a jewelled war axe
 14465 | D:13     | Identified the +7 war axe of Light {distort, +Inv rF+ rN+
                  | Str+4} (You found it in a Gauntlet)
 15138 | D:14     | Upgraded the game from 0.25-a0-942-g87a53962fc to
                  | 0.25-a0-949-gdd2af9e06e
 15196 | D:14     | Received a gift from Okawaru
 15207 | D:14     | Reached skill level 10 in Invocations
 15211 | D:14     | Got a smoking broad axe {god gift}
 15215 | D:14     | Identified the +9 broad axe of the Six Orbs {freeze, rC+
                  | SInv} (Okawaru gifted it to you on level 14 of the Dungeon)
 15407 | D:14     | Found a runed translucent door.
 15407 | D:14     | Noticed Jaomiden's ghost (journeyman TrTm)
 15491 | D:14     | Found a shadowy altar of Dithmenos.
 15545 | D:14     | Noticed an ironheart preserver
 15553 | D:14     | Killed an ironheart preserver
 15553 | D:14     | Received a gift from Okawaru
 15553 | D:14     | Reached XP level 14. HP: 122/125 MP: 18/21
 15588 | D:14     | Found a gate to the Vaults.
 15764 | D:14     | Received a gift from Okawaru
 16229 | D:15     | Entered Level 15 of the Dungeon
 16733 | D:15     | Found a staircase to the Depths.
 17106 | D:15     | Noticed Nessos
 17115 | D:15     | Killed Nessos
 17226 | D:15     | Noticed Josephine
 17229 | D:15     | Killed Josephine
 17703 | Lair:1   | Entered Level 1 of the Lair of Beasts
 17915 | Lair:1   | Reached skill level 15 in Axes
 18403 | Lair:2   | Noticed Soopleu's ghost (journeyman DrTm)
 18463 | Lair:2   | Found a runed translucent gate.
 18463 | Lair:2   | Found a runed translucent gate.
 18463 | Lair:2   | Found a runed translucent gate.
 18713 | Lair:2   | Noticed Maggie
 18719 | Lair:2   | Killed Maggie
 18822 | Lair:2   | Received a gift from Okawaru
 18865 | Lair:2   | Killed Soopleu's ghost
 18875 | Lair:2   | Got the ring of Hanit {Fire}
 18923 | Lair:2   | Identified the ring of Hanit {Fire Dex+5} (You found it on
                  | level 2 of the Lair of Beasts)
 19671 | Lair:3   | Reached XP level 15. HP: 126/135 MP: 19/22
 19876 | Lair:3   | You fall into a shaft and drop 1 floor!
 19929 | Lair:3   | Found a staircase to the Shoals.
 20494 | Lair:4   | Found a hole to the Spider Nest.
 21182 | Lair:5   | Found a sacrificial altar of Ru.
 21252 | Lair:5   | You fall into a shaft and drop 1 floor!
 21252 | Lair:6   | Entered Level 6 of the Lair of Beasts
 21277 | Lair:6   | Received a gift from Okawaru
 21651 | Lair:5   | Found a staircase to the Slime Pits.
 23580 | Spider:1 | Entered Level 1 of the Spider Nest
 23580 | Spider:1 | Found a runed translucent door.
 23580 | Spider:1 | Found a shimmering altar of Xom.
 23580 | Spider:1 | Noticed Error4North's ghost (journeyman HOFi)
 23616 | Spider:1 | Killed Error4North's ghost
 23616 | Spider:1 | Received a gift from Okawaru
 23616 | Spider:1 | Reached XP level 16. HP: 146/146 MP: 16/23
 23628 | Spider:1 | Got a dazzling hand axe
 23629 | Spider:1 | Identified the cursed +3 hand axe "Jellybane" {freeze,
                  | *Rage Int-2 Dex+8} (You found it on level 1 of the Spider
                  | Nest)
 23714 | Spider:1 | Reached skill level 10 in Evocations
 24183 | Spider:1 | Noticed Donald
 24191 | Spider:1 | Killed Donald
 24191 | Spider:1 | Received a gift from Okawaru
 24459 | Spider:1 | You fall into a shaft and drop 1 floor!
 24533 | Spider:2 | Gained mutation: You are partially covered in yellow
                  | scales. (AC +2) [potion of mutation]
 24533 | Spider:2 | Gained mutation: You are partially covered in icy blue
                  | scales. (AC +2) [potion of mutation]
 24533 | Spider:2 | Gained mutation: Your magical capacity is low. (-10% MP)
                  | [potion of mutation]
 24533 | Spider:2 | Gained mutation: You have sharp toenails. [potion of
                  | mutation]
 24538 | Spider:2 | Received a gift from Okawaru
 25211 | Spider:2 | Noticed Arachne
 25234 | Spider:2 | Killed Arachne
 26048 | Spider:3 | Reached skill level 15 in Fighting
 26176 | Spider:3 | Reached XP level 17. HP: 156/156 MP: 22/22
 26202 | Spider:3 | Received a gift from Okawaru
 26447 | Spider:3 | Noticed Kirke
 26462 | Spider:3 | Killed Kirke
 26625 | Spider:4 | Entered Level 4 of the Spider Nest
 26636 | Spider:4 | Reached skill level 15 in Shields
 27038 | Spider:4 | Upgraded the game from 0.25-a0-949-gdd2af9e06e to
                  | 0.25-a0-975-gcae8493d64
 27255 | Spider:4 | Received a gift from Okawaru
 27281 | Spider:4 | Received a gift from Okawaru
 27335 | Spider:4 | Got an encrusted broad axe {god gift}
 27434 | Spider:4 | Identified the +6 broad axe of Patterns {holy, rN+ Str+4
                  | Dex+3} (Okawaru gifted it to you on level 4 of the Spider
                  | Nest)
 27877 | Spider:4 | Received a gift from Okawaru
 27913 | Spider:4 | Got a bloodstained hand axe {god gift}
 27917 | Spider:4 | Identified the +2 hand axe "Ogrebane" {flame, rElec rC-
                  | Str+7 Stlth+} (Okawaru gifted it to you on level 4 of the
                  | Spider Nest)
 28204 | Spider:4 | Got a gossamer rune of Zot
 28619 | D:5      | Killed Bvern's ghost
 28818 | Shoals:1 | Entered Level 1 of the Shoals
 28911 | Shoals:1 | Identified a scroll of acquirement
 28911 | Shoals:1 | Identified the +1 cloak of the Duchess {Dex+2} (You
                  | acquired it on level 1 of the Shoals)
 28994 | Shoals:1 | Reached XP level 18. HP: 159/168 MP: 23/23
 29363 | Shoals:1 | Received a gift from Okawaru
 30085 | Shoals:2 | Noticed Polyphemus
 30104 | Shoals:2 | Killed Polyphemus
 30105 | Shoals:2 | Reached skill level 5 in Throwing
 30294 | Shoals:2 | Found a runed translucent gate.
 30294 | Shoals:2 | Found a runed translucent gate.
 30294 | Shoals:2 | Found a runed translucent gate.
 30295 | Shoals:2 | Found the ring of the Octopus King
 30295 | Shoals:2 | Noticed Meunluxu's ghost (adept NaFi)
 30315 | Shoals:2 | Killed Meunluxu's ghost
 30336 | Shoals:2 | Got a ring of the Octopus King
 30348 | Shoals:2 | Learned a level 1 spell: Apportation
 30351 | Shoals:2 | Identified a ring of the Octopus King {AC+1 EV+1 Str+1
                  | Int+1 Dex+1 SInv} (You found it on level 2 of the Shoals)
 30847 | Shoals:3 | Got a scorched chain mail
 30849 | Shoals:3 | Identified the +3 chain mail of the Special Beds {rPois rF+
                  | rN+ Int-4} (You found it on level 3 of the Shoals)
 30873 | Shoals:3 | Received a gift from Okawaru
 31987 | Shoals:4 | Entered Level 4 of the Shoals
 32196 | Shoals:4 | Identified Xiogur's Grimoire of Boosting Toxins
 32481 | Shoals:4 | Reached skill level 15 in Armour
 32489 | Shoals:4 | Reached XP level 19. HP: 126/177 MP: 21/25
 32497 | Shoals:4 | Got a barnacled rune of Zot
 33154 | Shoals:4 | Received a gift from Okawaru
 33882 | Shoals:4 | Identified the +6 plate armour of Lilacs {rF+ Str+3 Int+4}
 34866 | D:9      | Upgraded the game from 0.25-a0-975-gcae8493d64 to
                  | 0.25-a0-992-gca090100c3
 34960 | Orc:1    | Entered Level 1 of the Orcish Mines
 35410 | Orc:2    | Entered Level 2 of the Orcish Mines
 35684 | Orc:2    | Found a staircase to the Elven Halls.
 35730 | Orc:2    | Found a roughly hewn altar of Beogh.
 36046 | Orc:2    | Found Xutid's Gadget Boutique.
 36058 | Orc:2    | Received a gift from Okawaru
 36087 | Orc:2    | Found Ciajoschacock's Armour Emporium.
 36100 | Orc:2    | Found Daith's Food Emporium.
 36109 | Orc:2    | Found Opuorr's Weapon Boutique.
 36119 | Orc:2    | Bought the +2 helmet of Perpetual Drought {Regen+ Int+5
                  | Dex-4} for 424 gold pieces
 36800 | Elf:1    | Entered Level 1 of the Elven Halls
 37224 | Elf:1    | Found a magical portal.
 37229 | WizLab   | Entered The Roulette of Golubria
 37229 | WizLab   | Found a transporter.
 37232 | WizLab   | Found a corrupted altar of Lugonu.
 37258 | WizLab   | Found a transporter.
 37292 | WizLab   | Found a transporter.
 37295 | WizLab   | Identified the Disquisition on the Traveller
 37453 | WizLab   | Found a transporter.
 37467 | WizLab   | Found a transporter.
 37494 | WizLab   | Received a gift from Okawaru
 37551 | WizLab   | Found a corrupted altar of Lugonu.
 37588 | WizLab   | Found a transporter.
 37613 | WizLab   | Found a transporter.
 37660 | WizLab   | Found a transporter.
 37695 | WizLab   | Found a transporter.
 37936 | WizLab   | Found a transporter.
 37936 | WizLab   | Found a transporter.
 37965 | WizLab   | Found a transporter.
 37965 | WizLab   | Found a transporter.
 37999 | WizLab   | Found a transporter.
 37999 | WizLab   | Found a transporter.
 38004 | WizLab   | Received a gift from Okawaru
 38038 | WizLab   | Found a transporter.
 38038 | WizLab   | Found a transporter.
 38054 | WizLab   | Identified Golubria's Collected Works on Dislocation
 38063 | WizLab   | Found a transporter.
 38063 | WizLab   | Found a transporter.
 38095 | WizLab   | Found a corrupted altar of Lugonu.
 38126 | WizLab   | Found a transporter.
 38147 | WizLab   | Got a slimy cloak
 38148 | WizLab   | Identified the +0 cloak of Sin {Str+2} (You found it in a
                  | wizard's laboratory)
 38192 | WizLab   | Got an ichor-stained cloak
 38194 | WizLab   | Identified the +2 cloak of Usaqen {*Slow Dex+10} (You found
                  | it in a wizard's laboratory)
 38197 | WizLab   | Got a warped cloak
 38198 | WizLab   | Identified the +2 cloak of Yesterday {rC+ Dex-3 Stlth+}
                  | (You found it in a wizard's laboratory)
 38544 | Elf:1    | Found Qecov's Antique Armour Boutique.
 38593 | Elf:1    | Learned a level 2 spell: Shroud of Golubria
 38895 | Elf:1    | Reached XP level 20. HP: 189/189 MP: 26/26
 39089 | Elf:2    | Found Kibruryv's Assorted Antiques.
 39116 | Elf:2    | Bought a potion of heal wounds for 165 gold pieces
 39116 | Elf:2    | Bought a scroll of identify for 66 gold pieces
 39146 | Elf:2    | Found a runed translucent door.
 39155 | Elf:2    | Found a runed translucent door.
 39161 | Elf:2    | Received a gift from Okawaru
 39161 | Elf:2    | Reached skill level 1 in Charms
 39161 | Elf:2    | Reached skill level 1 in Translocations
 39274 | Elf:2    | Reached skill level 1 in Spellcasting
 39375 | Elf:2    | Found a portal to a secret trove of treasure.
 39429 | Elf:2    | Found a frozen archway.
 39439 | IceCv    | Entered an ice cave
 39797 | IceCv    | Got a jewelled war axe
 39889 | Elf:2    | Identified the +5 war axe of the Visionary {holy, rN+
                  | Str+3} (You found it in an ice cave)
 40624 | Elf:2    | Received a gift from Okawaru
 40639 | Elf:3    | Entered Level 3 of the Elven Halls
 40689 | Elf:3    | Found Estaggel's Assorted Antiques.
 40722 | Elf:3    | Bought 2 scrolls of fear for 266 gold pieces
 40796 | Elf:3    | Received a gift from Okawaru
 40828 | Elf:3    | Identified the +10 flail of Iptur {elec, MR+}
 40871 | Elf:3    | HP: 9/191 [earth elemental[a deep elf elementalist] (5)]
 40873 | Elf:3    | Killed from afar by a deep elf annihilator

Illustrated notes

Levels and vault maps discovered:
D:1:      dpeg_arrival_rooms_c, layout_rooms
D:2:      cheibrodos_helix_gallery, layout_basic,
          chequers_temple_overflow_statue_of_worship, uniq_jessica
D:3:      layout_basic, lemuel_doored_altar, st_stairs_4
D:4:      layout_basic
D:5:      layout_basic, minmay_temple_entry_antechambers, first_ration,
          ebering_ghost_rock_garden, kennysheep_generic_room_14, uniq_eustachio
D:6:      layout_rooms, tso_metal_star, kennysheep_little_box, serial_shops,
          nicolae_shop_overgrown_old_shop
D:7:      layout_basic, marbit_many_paths, xom_butterflies, lemuel_round_altar
D:8:      layout_loops_ring, nicolae_overflow_crystal_walls,
          lemuel_crystal_altar, old_standard_altar, uniq_erica
D:9:      layout_loops_corners, fiery_altar_vehumet, lair_entry_dummy,
          serial_bayou_pond_e, blue_anna_alchemist [blue_anna_fruit_fields,
          blue_anna_fruit_fields], feat_on_display, uniq_erolcha, uniq_harold
D:10:     layout_gridville
D:11:     layout_rooms, erik_orc_1, uniq_maurice
D:12:     minmay_weird_star, layout_irregular_city, uniq_jorgrun, uniq_frances,
          uniq_fannar, uniq_gastronok, uniq_snorg
D:13:     layout_roguey, gauntlet_entry_generic
D:14:     minmay_razor_zed, layout_basic, skrybe_vaults_entry_preservation,
          hellmonk_ghost_happy_afterlife, basic_altar, columned_hall_lemuel,
          minmay_starry_boxes
D:15:     gammafunk_depths_entry_grave, layout_loops_corners,
          minmay_misc_feat_nine_boxes, uniq_josephine, uniq_nessos
Temple:   compressed_dpeg_triangle_lava_temple
Lair:1:   layout_chaotic_city, grunt_megastairs_2, serial_bayou_shore_b
Lair:2:   layout_concentric_octagons, gammafunk_ghost_icy,
          gammafunk_lair_bear_cave, uniq_maggie
Lair:3:   layout_chaotic_city, minmay_shoals_entry_lonely_mermaid
Lair:4:   layout_regular_city, nicolae_spider_entry_non_spiders
Lair:5:   layout_cave_pods, dpeg_slime_entry_corner, basic_altar
Lair:6:   minmay_lair_end_enchanted_forest, layout_long_grid,
          eino_small_chamber_without_monster
Shoals:1: layout_shoals, st_sunken_temple
Shoals:2: layout_shoals, ebering_ghost_davey_jones, nicolae_shoals_drake_roost,
          uniq_polyphemus
Shoals:3: layout_shoals, nicolae_shoals_square_sea_wall
Shoals:4: shoals_end_simple, layout_shoals, overgrown_hall
Spider:1: layout_spider_delve, ebering_ghost_xom, uniq_donald
Spider:2: layout_spider_delve, uniq_arachne
Spider:3: layout_spider_delve, uniq_kirke
Spider:4: grunt_spider_rune_circles, zaba_anthell
Orc:1:    layout_diamond_mine
Orc:2:    st_orc_elflike, layout_diamond_mine, david_defended_altar_orc
Elf:1:    elf_arrival_002, layout_geoelf_octagon, mu_enter_wizlab_2,
          serial_shops, shop, hangedman_elf_represent, grunt_megastairs_4
Elf:2:    layout_geoelf_octagon, serial_shops,
          nicolae_shop_competitors_out_of_business,
          portal_ice_cave_entry_pillars_three, enter_trove_0, billiards_dpeg
Elf:3:    minmay_elf_hall_dome, layout_gridlike, serial_shops, shop,
          wad_floor_pattern_2, uniq_roxanne

Skill      XL: |  1  2  3  4  5  6  7  8  9 10 11 12 13 14 15 16 17 18 19 20 |
---------------+-------------------------------------------------------------+-----
Fighting       | 4 5 6 7 8 9 10 11 13 14 15 16 17 18 19 | 19.3
Axes           | 3 4 5 6 7 9 10 11 12 14 15 16 17 18 19 | 19.7
Shields        | 4 5 7 8 9 10 11 12 13 14 15 17 19 | 19.8
Armour         | 4 5 6 7 9 10 11 12 13 14 15 | 15.9
Invocations    | 3 5 6 8 9 10 | 10.9
Evocations     | 2 3 5 6 8 9 10 11 12 13 | 13.3
Dodging        | 1 2 |  2.4
Throwing       | 1 2 3 4 5 |  5.7
Stealth        | 1 2 |  2.8
Charms         | 3 |  3.0
Translocations | 2 |  2.9
Spellcasting   | 2 |  2.6

Action                   |  1- 3 |  4- 6 |  7- 9 | 10-12 | 13-15 | 16-18 | 19-21 || total
-------------------------+-------+-------+-------+-------+-------+-------+-------++-------
Melee: War axe           |    56 |   255 |   389 |   395 |   251 |       |       ||  1346
       Broad axe         |       |       |       |       |   629 |   994 |   749 ||  2372
Throw: Boomerang         |       |       |     5 |     9 |   102 |   131 |    38 ||   285
 Cast: Apportation       |       |       |       |       |       |     1 |       ||     1
Invok: Heroism           |       |       |       |    15 |    16 |    21 |    18 ||    70
       Finesse           |       |       |       |     5 |     3 |     4 |     4 ||    16
 Abil: Evoke Berserk Rag |       |       |       |       |     1 |     1 |     2 ||     4
Evoke: Wand              |       |       |     1 |       |     1 |    10 |       ||    12
  Use: Potion            |       |     1 |     5 |     3 |     4 |     8 |     3 ||    24
       Scroll            |       |       |     2 |       |    14 |    33 |     8 ||    57
 Stab: Confused          |       |       |       |     2 |       |       |       ||     2
       Distracted        |       |       |       |       |     1 |       |       ||     1
       Invisible         |       |       |       |       |       |     2 |       ||     2
       Held in net/web   |       |       |       |       |       |     7 |       ||     7
       Petrified         |       |       |       |       |       |     6 |       ||     6
  Eat: Chunk             |       |     6 |    16 |    16 |    33 |    26 |    15 ||   112
       Ration            |       |       |       |     1 |     1 |     1 |     4 ||     7
Armor: Scale mail        |    18 |       |       |       |       |       |       ||    18
       Chain mail        |    25 |    26 |       |       |       |       |       ||    51
       Plate armour      |       |   181 |   239 |   195 |   347 |   559 |   221 ||  1742
       Skin              |       |       |     7 |       |       |       |       ||     7
Dodge: Dodged            |    27 |    48 |    71 |    97 |   299 |   480 |   181 ||  1203
Block: Kite shield       |    44 |   136 |   204 |   230 |   537 |   931 |   532 ||  2614

Table legend:
 A = Non-vault XP
 B = Vault XP
 C = Vault XP percentage of total XP
 D = Non-vault monster count
 E = Vault monster count
 F = Vault count percentage of total count
                 A         B        C        D         E       F
            +---------+---------+-------+---------+---------+-------
      Total |  246570 |  234746 |  48.8 |     907 |     478 |  34.5
            +---------+---------+-------+---------+---------+-------
        D:1 |      26 |       0 |   0.0 |      15 |       0 |   0.0
        D:2 |      54 |      40 |  42.6 |      24 |       3 |  11.1
        D:3 |     287 |       3 |   1.0 |      32 |       2 |   5.9
        D:4 |     260 |       0 |   0.0 |       8 |       0 |   0.0
        D:5 |     272 |     452 |  62.4 |       9 |       2 |  18.2
        D:6 |     946 |       0 |   0.0 |      28 |       0 |   0.0
        D:7 |     964 |      36 |   3.6 |      19 |       1 |   5.0
        D:8 |     866 |     955 |  52.4 |       9 |       1 |  10.0
        D:9 |    3740 |    2042 |  35.3 |      33 |       3 |   8.3
       D:10 |    1460 |       0 |   0.0 |      16 |       0 |   0.0
       D:11 |    4907 |     969 |  16.5 |      31 |      18 |  36.7
       D:12 |    5946 |    9129 |  60.6 |      21 |       5 |  19.2
       D:13 |    2236 |       0 |   0.0 |      18 |       0 |   0.0
       D:14 |   10718 |    7929 |  42.5 |      39 |      29 |  42.6
       D:15 |    3754 |    8921 |  70.4 |      10 |      14 |  58.3
     Lair:1 |    3861 |      93 |   2.4 |      16 |       1 |   5.9
     Lair:2 |    1621 |    4249 |  72.4 |       7 |      18 |  72.0
     Lair:3 |    7371 |     458 |   5.9 |      34 |       1 |   2.9
     Lair:4 |    4850 |     532 |   9.9 |      23 |       8 |  25.8
     Lair:5 |    8163 |       0 |   0.0 |      26 |       0 |   0.0
     Lair:6 |   14216 |    8148 |  36.4 |      42 |      39 |  48.1
   Shoals:1 |   10779 |    8008 |  42.6 |      20 |       9 |  31.0
   Shoals:2 |    4494 |   12243 |  73.1 |      14 |      17 |  54.8
   Shoals:3 |   21403 |       0 |   0.0 |      43 |       0 |   0.0
   Shoals:4 |   16700 |   23489 |  58.4 |      33 |      36 |  52.2
   Spider:1 |   19071 |    4405 |  18.8 |      54 |       3 |   5.3
   Spider:2 |   14319 |    3438 |  19.4 |      39 |       1 |   2.5
   Spider:3 |   22972 |    2380 |   9.4 |      59 |       3 |   4.8
   Spider:4 |   12882 |   31361 |  70.9 |      35 |      88 |  71.5
      Orc:1 |    3817 |       0 |   0.0 |      36 |       0 |   0.0
      Orc:2 |    2984 |    8457 |  73.9 |      51 |      27 |  34.6
      Elf:1 |   17354 |    9205 |  34.7 |      26 |      15 |  36.6
      Elf:2 |   13935 |   24729 |  64.0 |      22 |      32 |  59.3
      Elf:3 |    7332 |   20897 |  74.0 |       9 |      13 |  59.1
    Abyss:1 |    1083 |       0 |   0.0 |       2 |       0 |   0.0
      IceCv |       0 |   11448 | 100.0 |       0 |      31 | 100.0
     WizLab |     927 |   24765 |  96.4 |       4 |      37 |  90.2
   Gauntlet |       0 |    5965 | 100.0 |       0 |      21 | 100.0
            +---------+---------+-------+---------+---------+-------
